 Dungeon Crawl Stone Soup version 0.20.0-10-g0535bb4 (console) character file.

341 bli the Ogre Mage (level 6, -1/61 HPs)
             Began as an Ogre Wizard on June 3, 2017.
             Was a Follower of Qazlal.
             Succumbed to a worker ant's poison
             ... on level 4 of the Dungeon.
             The game lasted 00:23:35 (4461 turns).

bli the Ogre Mage (Ogre Wizard)                     Turns: 4461, Time: 00:23:36

Health: -1/61      AC:  3    Str: 12    XL:     6   Next: 56%
Magic:  1/14       EV: 15    Int: 20    God:    Qazlal [*.....]
Gold:   118        SH:  4    Dex: 13    Spells: 12/16 levels left

rFire    + . .     SeeInvis .   (no weapon)
rCold    + . .     Gourm    .   (no shield)
rNeg     . . .     Faith    .   a - +0 robe
rPois    +         Spirit   .   b - +0 hat
rElec    +         Reflect  +   (no cloak)
rCorr    +         Harm     .   (gloves unavailable)
MR       .....                  (boots unavailable)
Stlth    ++++......             g - +3 amulet of reflection
Regen    0.2/turn               u - ring of stealth
MPRegen  0.2/turn               (no ring)

@: agile, lethally poisoned (-1 -> -18), resistant
A: unfitting armour, tough skin 1
a: Renounce Religion


You were on level 4 of the Dungeon.
You worshipped Qazlal.
Qazlal was aware of your devotion.
You were not hungry.

You visited 1 branch of the dungeon, and saw 5 of its levels.

You collected 118 gold pieces.

Inventory:

Missiles
 h - 188 stones (quivered)
 o - 2 throwing nets
Armour
 a - a +0 robe (worn)
 b - a +0 hat (worn)
Jewellery
 g - a +3 amulet of reflection (around neck)
 u - a ring of stealth (left hand)
Scrolls
 i - 3 scrolls of fear {unknown}
 k - a scroll of remove curse {unknown}
 n - 5 scrolls of identify {unknown}
 r - 2 scrolls of enchant armour {unknown}
 s - a scroll of random uselessness {unknown}
 t - a scroll of amnesia {unknown}
 v - a scroll of recharging {unknown}
Potions
 j - a potion of agility
 l - a potion of heal wounds {unknown}
 m - a potion of haste {unknown}
 q - a potion of might {unknown}
 x - a potion of magic {unknown}
Books
 c - a book of Minor Magic

   Spells                             Type                      Level
   a - Magic Dart                     Conjuration                  1
   b - Blink                          Translocation                2
   c - Call Imp                       Summoning                    2
   d - Slow                           Hexes                        2
   e - Conjure Flame                  Conjuration/Fire             3
   f - Mephitic Cloud                 Conjuration/Poison/Air       3
Comestibles
 d - 4 bread rations
 p - 2 royal jellies
 w - a fruit


   Skills:
 * Level 3.4 Fighting
 + Level 2.2 Dodging
 + Level 1.7 Stealth
 + Level 5.7 Spellcasting
 * Level 2.8 Conjurations
   Level 0.8 Summonings
   Level 0.8 Translocations
 + Level 0.5 Air Magic
 * Level 1.0 Poison Magic


You had 12 spell levels left.
You knew the following spells:

 Your Spells              Type           Power        Failure   Level  Hunger
a - Magic Dart            Conj           ###.         3%          1    None
c - Mephitic Cloud        Conj/Pois/Air  ##......     19%         3    ##.....


Dungeon Overview and Level Annotations

Branches:
Dungeon (5/15)
 Temple: D:4-7

Altars:
Qazlal
Vehumet

Annotations:
D:5 Grinder


Innate Abilities, Weirdness & Mutations

You are too large for most types of armour.
You have tough skin. (AC +1)


Message History

The worker ant is almost dead.
You feel sick. The worker ant bites you!
* * * LOW HITPOINT WARNING * * *
It was a potion of agility.
You feel agile all of a sudden.
* * * LOW HITPOINT WARNING * * *
You feel sick. The worker ant bites you.
* * * LOW HITPOINT WARNING * * *
You are more poisoned.
The worker ant poisons you!
You barely miss the worker ant.
The worker ant is almost dead.
* * * LOW HITPOINT WARNING * * *
You feel sick. The worker ant bites you.
* * * LOW HITPOINT WARNING * * *
You are more poisoned.
The worker ant poisons you!
It was a potion of resistance.
You feel protected.
You die...

##.### #....# #....# #....#
##.### #.# #.# #.############
#............#
#############.###################
................@a..>#...........
###.....#.....######.#.#########.
#######.####### #.#.# #.
......#.#.....# #.#.# #.
#####.#.#.###.# #.#.# #[
......#.#...#.# #.#.# #.
####..#.###.#.# #.#.# #. #
#..........# #.#.# #. #
#.##.###.### #.#.# #. #
#.##...#.# #.#.# #. # #......#.#
#.#.##########


You could see a worker ant.

Vanquished Creatures
  2 ogres
  A scorpion (D:4)
  2 worker ants (D:4)
  5 adders
  2 oozes
  3 adder skeletons (D:4)
  2 worms
  4 dart slugs
  4 leopard geckos
  An orc (D:3)
  7 bats
  A giant cockroach (D:3)
  5 goblins
  5 hobgoblins
  2 quokkas (D:3)
  2 frilled lizards
  5 kobolds
  3 rats
56 creatures vanquished.

Vanquished Creatures (collateral kills)
  A worker ant (D:4)
1 creature vanquished.

Vanquished Creatures (others)
  The ghost of Gorglomux the Skirmisher, an amateur VSIE (D:3)
  A bat (D:2)
2 creatures vanquished.

Grand Total: 59 creatures vanquished

Notes
Turn   | Place    | Note
-------+----------+-------------------------------------------
     0 | D:1      | bli the Ogre Wizard began the quest for the Orb.
     0 | D:1      | Reached XP level 1. HP: 16/16 MP: 5/5
   132 | D:1      | Reached skill level 1 in Conjurations
   248 | D:1      | Reached XP level 2. HP: 26/26 MP: 0/6
   363 | D:1      | Reached skill level 4 in Spellcasting
   443 | D:1      | Reached skill level 1 in Fighting
  1099 | D:2      | Reached XP level 3. HP: 17/33 MP: 0/8
  1201 | D:2      | Learned a level 3 spell: Mephitic Cloud
  1737 | D:2      | Found a stormy altar of Qazlal.
  1746 | D:2      | Became a worshipper of Qazlal Stormbringer
  2111 | D:3      | Found a radiant altar of Vehumet.
  2111 | D:3      | Noticed an ogre
  2139 | D:3      | Killed an ogre
  2139 | D:3      | Reached skill level 5 in Spellcasting
  2139 | D:3      | Reached XP level 4. HP: 41/44 MP: 0/11
  2139 | D:3      | Reached XP level 5. HP: 47/50 MP: 0/12
  2459 | D:3      | Noticed Gorglomux's ghost (amateur VSIE)
  2599 | D:3      | Killed Gorglomux's ghost
  3942 | D:4      | Reached XP level 6. HP: 55/61 MP: 1/14
  4426 | D:5      | Entered Level 5 of the Dungeon
  4431 | D:5      | Reached * piety under Qazlal
  4431 | D:5      | Reached skill level 1 in Poison Magic
  4438 | D:5      | Noticed Grinder
  4460 | D:4      | HP: 1/61 [worker ant (3)]
  4461 | D:4      | Succumbed to a worker ant's poison

Skill      XL: |  1  2  3  4  5  6 |
---------------+-------------------+-----
Conjurations   | 1 2 |  2.8
Dodging        | 2 |  2.2
Spellcasting   | 4 5 |  5.7
Fighting       | 1 2 3 |  3.4
Poison Magic   | 1 |  1.0
Stealth        | |  1.7
Summonings     | |  0.8
Translocations | |  0.8
Air Magic      | |  0.5

Action                   |  1- 3 |  4- 6 || total
-------------------------+-------+-------++-------
Melee: Unarmed           |    37 |    64 ||   101
Throw: Stone             |       |    40 ||    40
 Cast: Magic Dart        |    99 |   116 ||   215
       Mephitic Cloud    |     1 |     6 ||     7
  Use: Potion            |       |     2 ||     2
 Stab: Confused          |       |     2 ||     2
       Sleeping          |       |     1 ||     1
  Eat: Chunk             |     3 |     5 ||     8
       Meat ration       |       |     1 ||     1
Armor: Robe              |    10 |    13 ||    23
Dodge: Dodged            |    27 |    35 ||    62
Block: Other             |     5 |     7 ||    12
       Reflection        |     1 |       ||     1
